 Dungeon Sprint DCSS version 0.23.2-33-g5129a83184 (webtiles) character file.

Game seed: 6387800322335128349

863 Morrissey the Martial Artist (level 7, -6/48 HPs)
             Began as a Demonspawn Transmuter on July 14, 2019.
             Was a Follower of Makhleb.
             Mangled by an orc warrior
             ... wielding a +0 trident
              (12 damage)
             ... in the Dungeon (Sprint IX: "|||||||||||||||||||||||||||||").
             The game lasted 00:02:26 (265 turns).

Morrissey the Martial Artist (Demonspawn Transmuter) Turns: 265, Time: 00:02:26

Health: -6/48      AC:  2    Str: 14    XL:     7   Next: 72%
Magic:  0/12       EV: 29    Int: 16    God:    Makhleb [*.....]
Gold:   0          SH:  0    Dex: 18    Spells: 2/10 levels left

rFire    . . .     SeeInvis .     - Unarmed
rCold    . . .     Gourm    .   (shield currently unavailable)
rNeg     . . .     Faith    .   (armour currently unavailable)
rPois    x         Spirit   +   (helmet currently unavailable)
rElec    .         Reflect  .   (cloak currently unavailable)
rCorr    .         Harm     .   (gloves currently unavailable)
MR       .....     NoTele   +   (boots currently unavailable)
Stlth    +++.......             (no amulet)
HPRegen  0.16/turn              q - +2 ring of evasion
MPRegen  0.13/turn              r - +3 ring of strength

@: spider-form, very slightly contaminated
A: tiny, nightstalker 1, magic shield
a: End Transformation, Renounce Religion


You were in the Dungeon.
You worshipped Makhleb.
Makhleb was aware of your devotion.
You were not hungry.
You were a venomous arachnid creature.
You visited 1 branch

Inventory:

Missiles
 a - 31 arrows
Armour
 b - a +0 robe (melded)
 n - a +0 helmet
 p - a +0 pair of boots (melded)
Magical Staves
 o - an uncursed staff of energy
Jewellery
 q - a +2 ring of evasion (left front leg)
 r - a +3 ring of strength (right front leg)
Wands
 m - a wand of acid (10)
Scrolls
 j - 2 scrolls of blinking
 k - 3 scrolls of remove curse
 l - 2 scrolls of amnesia
Potions
 e - 5 potions of curing
 f - 2 potions of heal wounds
 g - a potion of haste
 h - 4 potions of magic
Comestibles
 c - 5 chunks of flesh
 d - a ration


   Skills:
 - Level 1.0 Fighting
 + Level 7.5 Dodging
 * Level 10.6 Unarmed Combat
 - Level 2.0 Spellcasting
 + Level 7.5 Transmutations
 + Level 7.9 Invocations


You had 2 spell levels left.
You knew the following spells:

 Your Spells              Type           Power        Failure   Level  Hunger
a - Beastly Appendage     Tmut           ####..       4%          1    #......
b - Spider Form           Tmut/Pois      ##........   30%         3    ###....
c - Ice Form              Ice/Tmut       ##......     63%         4    #####..

Your spell library contained the following spells:

 Spells                   Type           Power        Failure   Level  Hunger
 Sticks to Snakes         Tmut           ####....     6%          2    ###....
 Blade Hands              Tmut           ####......   47%         5    ######.


Dungeon Overview and Level Annotations

Branches:
Dungeon (1/1)

Altars:
Cheibriados
Dithmenos
Elyvilon
Fedhas
Gozag
Hepliaklqana
Kikubaaqudgha
Makhleb
Nemelex Xobeh
Okawaru
Qazlal
Ru
Sif Muna
Trog
Uskayaw
Vehumet
Wu Jian
Xom
Yredelemnul
Zin
The Shining One
Beogh
Jiyva
Lugonu


Innate Abilities, Weirdness & Mutations

((You have a pair of small antennae on your head.))
You are slightly more attuned to the shadows.
When hurt, damage is shared between your health and your magic reserves.
((Your movements are less encumbered by armour. (ER -4)))


Message History

The orc warrior closely misses you.
There is an open door to the Temple here.
You barely miss the orc warrior.
The orc warrior is lightly wounded.
The orc warrior hits you with a +0 trident.
* * * LOW MAGIC WARNING * * *;
* * * LOW HITPOINT WARNING * * *
You bite the orc warrior!
The orc warrior is heavily wounded.
The orc warrior hits you with a +0 trident!
* * * LOW HITPOINT WARNING * * *
Unknown command.
You hit the orc warrior.
The orc warrior is poisoned.
The orc warrior is severely wounded.
The crimson imp blinks!
You hit the orc warrior but do no damage.
The orc warrior looks as sick as possible!
The orc warrior is severely wounded.
The orc warrior hits you with a +0 trident!
* * * LOW MAGIC WARNING * * *
You die... ▓▓▓▓▓▓▓▓▓▓▓▓▓▓▓▓▓▓▓▓▓▓▓▓▓▓▓▓▓▓▓▓▓ <...).....).....sot§_____________ ▓▓▓▓▓▓▓▓▓▓▓▓▓▓▓▓▓▓▓▓▓▓▓▓▓▓▓▓▓▓▓▓▓

You could see an orc warrior and a crocodile.

Vanquished Creatures
  A two-headed ogre (D)
  A centaur (D)
  A big kobold (D)
  A crimson imp (D)
  A jelly (D)
  An orc wizard (D)
  A bat skeleton (D)
  A goblin (D)
  3 frilled lizards (D)
  A jackal skeleton (D)
  A rat (D)
13 creatures vanquished.

Notes
Turn   | Place    | Note
-------+----------+-------------------------------------------
     0 | D        | Morrissey the Demonspawn Transmuter began the quest for the
                  | Orb.
     0 | D        | Reached XP level 1. HP: 15/15 MP: 3/3
     9 | D        | Reached skill level 3 in Unarmed Combat
    63 | D        | Noticed a crimson imp
    63 | D        | Noticed a centaur
    63 | D        | Noticed a jelly
    67 | D        | Killed a crimson imp
    67 | D        | Reached skill level 5 in Unarmed Combat
    67 | D        | Gained mutation: When hurt, damage is shared between your
                  | health and your magic reserves. [demonic ancestry]
    67 | D        | Reached XP level 2. HP: 21/21 MP: 3/5
    67 | D        | Gained mutation: Your movements are slightly less
                  | encumbered by armour. (ER -2) [demonic ancestry]
    67 | D        | Reached XP level 3. HP: 26/26 MP: 3/6
    68 | D        | Killed a centaur
    68 | D        | Reached skill level 6 in Unarmed Combat
    68 | D        | Gained mutation: You are slightly more attuned to the
                  | shadows. [demonic ancestry]
    68 | D        | Reached XP level 4. HP: 32/32 MP: 3/7
    72 | D        | Reached skill level 7 in Unarmed Combat
    72 | D        | Reached XP level 5. HP: 37/37 MP: 3/8
   106 | D        | Learned a level 3 spell: Spider Form
   111 | D        | Learned a level 4 spell: Ice Form
   125 | D        | Found a roughly hewn altar of Beogh.
   125 | D        | Found a snail-covered altar of Cheibriados.
   125 | D        | Found a shadowy altar of Dithmenos.
   125 | D        | Found a white marble altar of Elyvilon.
   125 | D        | Found a blossoming altar of Fedhas.
   126 | D        | Found an opulent altar of Gozag.
   127 | D        | Found a hazy altar of Hepliaklqana.
   128 | D        | Found a viscous altar of Jiyva.
   129 | D        | Found an ancient bone altar of Kikubaaqudgha.
   130 | D        | Found a corrupted altar of Lugonu.
   131 | D        | Found a burning altar of Makhleb.
   132 | D        | Found a sparkling altar of Nemelex Xobeh.
   133 | D        | Found an iron altar of Okawaru.
   134 | D        | Found a stormy altar of Qazlal.
   135 | D        | Found a sacrificial altar of Ru.
   136 | D        | Found a deep blue altar of Sif Muna.
   137 | D        | Found a bloodstained altar of Trog.
   138 | D        | Became a worshipper of Makhleb the Destroyer
   139 | D        | Found a hide-covered altar of Uskayaw.
   140 | D        | Found a radiant altar of Vehumet.
   141 | D        | Found an ornate altar of the Wu Jian Council.
   142 | D        | Found a shimmering altar of Xom.
   143 | D        | Found a basalt altar of Yredelemnul.
   144 | D        | Found a glowing silver altar of Zin.
   145 | D        | Found a glowing golden altar of the Shining One.
   189 | D        | Noticed a two-headed ogre
   189 | D        | Noticed an orc warrior
   201 | D        | Killed a two-headed ogre
   201 | D        | Reached skill level 10 in Unarmed Combat
   201 | D        | Gained mutation: Your movements are less encumbered by
                  | armour. (ER -4) [demonic ancestry]
   201 | D        | Reached XP level 6. HP: 15/43 MP: 1/11
   201 | D        | Gained mutation: You have a pair of small antennae on your
                  | head. [demonic ancestry]
   201 | D        | Reached XP level 7. HP: 17/48 MP: 1/12
   217 | D        | Reached * piety under Makhleb
   265 | D        | Mangled by an orc warrior

Skill      XL: |  1  2  3  4  5 |
---------------+----------------+-----
Dodging        | 3 4 7 |  7.5
Unarmed Combat | 5 6 7 10 | 10.6
Transmutations | 3 4 7 |  7.5
Invocations    | 7 |  7.9
Fighting       | |  1.0
Spellcasting   | |  2.0

Action                   |  1- 3 |  4- 6 |  7- 9 || total
-------------------------+-------+-------+-------++-------
Melee: Unarmed           |    18 |    13 |    21 ||    52
       Headbutt          |     1 |     1 |       ||     2
 Cast: Beastly Appendage |     2 |       |       ||     2
       Spider Form       |       |     1 |     1 ||     2
  Use: Potion            |     1 |       |     2 ||     3
 Stab: Invisible         |       |       |     2 ||     2
Armor: Robe              |     3 |       |       ||     3
Dodge: Dodged            |     4 |    12 |    10 ||    26
